← All builds
Tech / Armada / Economy first / OBSERVED BUILD

Standard tech

Armada Tech (Eco) build order · Supreme Isthmus

Rushes T2 by 4:15, gets Advanced Metal Extractor around 5:28, hands off T2 constructors to Geo and the team, then scales eco and supplies the team's T2 needs through the rest of the game.

Usually first T2 con to Geo (83%)

#eco #t2 #team support · 1602 distinct matches · 255 players · 60% of Armada Tech games · team won 53% of 1912 · Recently observed

HOW TO PLAY IT

Key timing: T2 factory by 4:15

  1. Open 3 mex and heavy wind to fund a fast T2 rush.
  2. Put down Bot Lab, planning to eat it for reclaim soon after.
  3. Get Advanced Bot Lab up, hitting the T2 factory rush timing.
  4. Upgrade mex to Advanced Metal Extractor to lock in team metal income.
  5. Eat Advanced Bot Lab and keep sending cons to Geo and Pond.

Phase by phase

TYPICAL OF ITS 1602 GAMES
  1. 1
  2. 2
  3. 3
  4. 4
PLAY THE OPENING

Follow the example game's first 6:00 step by step: what to build now, what comes next, and where it goes. At 1× it keeps pace with your own game.

  1. 1

    Up to the Bot Lab

    Economy
    • Metal Extractor3Mex
    • Wind Turbine4Wind
    Order
    1. Bot LabBot Lab after 3 mex, 4 winddone ~1:18, middle half 1:13–1:32

    Some games also: energy storage (31%)

    By 1:01 in all: 3 mex · 4 wind

    The example game in this phase · 6 steps
    1. Mex ×2
    2. Wind
    3. Mex
    4. Wind ×3
    5. Energy storage
    6. Bot LabBot Labdone 1:27 · typical 1:18
  2. 2

    Bot Lab to Advanced Bot Lab

    Economy
    • Metal Extractor1Mex
    • Wind Turbine8Wind
    • Energy Storage1Energy storage
    Order
    1. Advanced Bot LabAdvanced Bot Lab after 4 mex, 12 wind, 3 con turretdone ~4:16, middle half 4:04–4:30
    Builders
    • Construction Turret3 Con turret
    • Lazarus3 Lazarus
    • Construction Bot2 Con bot
    • Construction Bot1 Con bot for allies

    Some games also: converter (36%)

    By 3:18 in all: 4 mex · 12 wind · 1 energy storage · 3 con turret

    The example game in this phase · 17 steps
    1. Wind
    2. LazarusLazarus
    3. Construction BotCon bot
    4. Wind ×6
    5. Construction BotCon botfor Air
    6. Con turret
    7. Wind
    8. Construction BotCon bot
    9. Mex
    10. Wind
    11. Construction BotCon bot
    12. Wind
    13. Con turret
    14. Wind ×2
    15. Con turret
    16. LazarusLazarus
    17. Advanced Bot LabAdvanced Bot Labdone 4:05 · typical 4:16
  3. 3

    Advanced Bot Lab to 5:00

    Economy
    • Wind Turbine3Wind
    Order
    1. Bot LabEat Bot Lab
    Builders
    • Advanced Construction Bot1 T2 con bot for allies

    Some games also: converter (35%)

    By 5:00 in all: 4 mex · 15 wind · 1 converter · 1 energy storage · 3 con turret

    The example game in this phase · 7 steps
    1. Bot LabEat Bot Labreclaimed for its metal
    2. Advanced Construction BotT2 con botfor Geo
    3. Wind
    4. Advanced Metal ExtractorT2 mexdone 5:10 · typical 5:29
    5. Wind
    6. Advanced Construction BotT2 con botfor Air
    7. Wind
  4. 4

    5:00 to 10:00

    Economy
    • Wind Turbine43Wind
    • Energy Converter6Converter
    Builders
    • Butler9 Butler
    • Advanced Construction Bot4 T2 con bot for allies
    • Advanced Construction Bot1 T2 con bot

    Some games also: con turret (43%) · Butler for allies (37%)

    By 10:00 in all: 4 mex · 58 wind · 8 converter · 1 energy storage · 3 con turret

    The example game in this phase · 169 steps
    1. Wind ×3
    2. Advanced Metal ExtractorT2 mex
    3. Wind
    4. Advanced Metal ExtractorT2 mex
    5. SharpshooterSniper botfor Ponddone 6:27
    6. Wind
    7. SharpshooterSniper botfor Pond
    8. Wind ×2
    9. Advanced Construction BotT2 con bot ×2for Geo sea
    10. Wind
    11. Advanced Construction BotT2 con botfor Pond
    12. Wind ×3
    13. Advanced Metal ExtractorT2 mex
    14. Wind ×6
    15. ButlerButler
    16. Wind
    17. ButlerButler
    18. Wind
    19. ButlerButler
    20. Wind
    21. NettleNettle
    22. ButlerButler
    23. Wind
    24. NettleNettle
    25. ButlerButler ×2
    26. Wind
    27. ButlerButler
    28. Wind
    29. ButlerButler
    30. Wind ×3
    31. Converter
    32. Wind ×4
    33. ButlerButler
    34. Wind
    35. Converter
    36. Wind ×3
    37. ButlerButler
    38. Wind ×2
    39. Converter
    40. Wind ×2
    41. ButlerButler
    42. Wind ×2
    43. Converter
    44. Wind
    45. ButlerButler
    46. Wind ×3
    47. Converter
    48. ButlerButler
    49. Wind ×5
    50. ButlerButler
    51. Converter
    52. Wind ×5
    53. Converter
    54. Wind ×3
    55. Advanced Construction BotT2 con bot
    56. Wind ×5
    57. Converter
    58. Wind ×5
    59. Con turret
    60. Converter
    61. Wind ×7
    62. Converter
    63. Wind
    64. Con turret
    65. Wind
    66. Fusion ReactorFusiondone 13:15
    67. Wind ×4
    68. Converter
    69. Wind ×2
    70. Converter
    71. Wind ×3
    72. Con turret
    73. Wind ×6
    74. Converter
    75. Wind
    76. UmbrellaAnti-nukedone 12:05
    77. Converter
    78. Wind ×3
    79. Metal storage
    80. RattlesnakeRattlesnakedone 14:12
    81. Wind ×2
    82. Advanced Bot LabEat Advanced Bot Labreclaimed for its metal
    83. Wind ×4
    84. Converter
    85. Con turret
    86. Wind ×3
    87. Con turret
    88. Wind ×6
    89. Converter
    90. Con turret
    91. Wind ×5
    92. Con turret
    93. Wind
    94. Converter
    95. Wind ×2
    96. Converter
    97. Wind ×8
    98. Converter
    99. Wind
    100. Converter
    101. Wind ×6
    102. Converter
    103. Wind ×2
    104. Converter
    105. Wind ×3
    106. TracerTracer
    107. Wind ×6
    108. Converter ×2
    109. Wind ×2
    110. T2 converter
    111. Wind ×8
    112. Converter ×2
    113. Wind ×6
    114. Converter
    115. Wind
    116. Converter
    117. Wind
    118. Con turret
    119. Wind ×4
    120. Converter
    121. Wind ×5
    122. Converter ×2
    123. T2 converter
    124. Wind ×3
    125. Converter
    126. Wind ×4
    127. Converter
    128. Con turret
    129. Wind ×2
    130. Converter
    131. Wind ×6
    132. Converter
    133. Wind
    134. Con turret
    135. Wind ×4
    136. Converter ×3
    137. Wind ×5
    138. Con turret
    139. NettleNettle
    140. Wind
    141. Converter ×2
    142. Wind ×5
    143. Converter
    144. Wind
    145. T2 converter
    146. Wind
    147. NettleNettle
    148. Wind
    149. Converter
    150. Wind
    151. NettleNettle
    152. Wind ×2
    153. Converter
    154. Wind
    155. Converter
    156. Wind ×2
    157. NettleNettle
    158. Wind
    159. Converter
    160. NettleNettle
    161. Wind ×2
    162. Converter
    163. Wind ×3
    164. Fusion ReactorFusion
    165. Wind ×2
    166. Converter
    167. Wind ×2
    168. Converter
    169. Wind

Counts are medians over the build's games: half of them build more, half fewer. The example game is bob7's (31 OS, 03/10/2026); pick another.

Team trades

IN AT LEAST 30% OF ITS GAMES

You hand over

  • Construction Bot1 Con bot to Airfirst at 2:23 · in 84% of games
  • Advanced Construction Bot5 T2 con bot to Air or Geo sea or Pondfirst at 4:50 · in 99% of games
  • Butler2 Butler to Geo sea or Beach sea or Pondfirst at 9:06 · in 42% of games

You get

  • Hercules1 Light transport from Airfirst at 4:01 · in 86% of games

How it plays out

Typical game of this build, running totals by minute

Metal produced

020k40k
0:005:0010:0015:00

metal

Enemy metal destroyed

050100150
0:005:0010:0015:00

metal

Own metal lost

050100150
0:005:0010:0015:00

metal

1912 games.

Show as table
ByMetal produced: This buildEnemy metal destroyed: This buildOwn metal lost: This build
1:0038300
2:0091500
3:00165200
4:00314400
5:00484800
6:00579900
7:00722700
8:00906500
9:001118000
10:001352000
11:001624200
12:001965200
13:002343000
14:0027286074
15:0031503108130
WHAT THE NUMBERS SAY

Standard Tech play barely fights at all early, instead pouring metal into T2 infrastructure and constructors for the team.

  • + Metal produced hits 31679 by 15:00, by far the highest of any role here.
  • + T2 factory reached in 97% of games by 4:15, fastest and most reliable T2 timing.
  • − Enemy metal destroyed stays at 0 through 10:00, no early offense at all.
  • − Own metal lost also near 0, showing total avoidance of combat risk.
THE EXAMPLE YOU ARE READING

bob7

31.3 OS · 03/10/2026

Open source match ↗

2 received units
2267 metal received · 64995 energy received

Allied construction assistance is unknown. Timings are observations, not a promise of solo reproducibility.

Typical milestones

Bot Lab1:18Middle 50%: 1:13–1:32 · n=1912
Advanced Bot Lab4:16Middle 50%: 4:04–4:30 · n=1905
Advanced Metal Extractor5:29Middle 50%: 5:05–5:59 · n=1908

Played most by

Amrissa97games of this buildTheGeneraI70games of this buildAdeus57games of this buildEl_Turco55games of this buildKOT_44games of this build